 Dungeon Crawl Stone Soup version 0.30-a0-219-gf2db51d15e (webtiles) character file.

Game seed: 2613026587177163674

1269 Decritt the Sneak (level 8, -1/48 HPs)
             Began as a Kobold Enchanter on Oct 7, 2022.
             Slain by Menkaure (19 damage)
             ... on level 6 of the Dungeon.
             The game lasted 00:14:31 (5879 turns).

Decritt the Sneak (Kobold Enchanter)                Turns: 5879, Time: 00:14:32

Health: -1/48      AC:  3    Str: 11    XL:     8   Next: 82%
Magic:  11/14      EV: 17    Int: 16    God:
Gold:   273        SH:  0    Dex: 18    Spells: 7/16 levels left

rFire   . . .      SeeInvis .    l - +1 short sword (elec)
rCold   . . .      Faith    .    (no shield)
rNeg    . . .      Spirit   .    b - +0 robe
rPois   .          Reflect  .    (no helmet)
rElec   .          Harm     .    (no cloak)
rCorr   .          Rampage  .    s - +0 pair of gloves
Will    .....                    (no boots)
Stlth   +++++.....               (no amulet)
HPRegen 0.28/turn                o - +6 ring of strength
MPRegen 0.14/turn                (no ring)

@: confusing by touch
A: small, no large weapons, nightstalker 3
a: no special abilities


You were on level 6 of the Dungeon.
You visited 1 branch of the dungeon, and saw 6 of its levels.

You collected 273 gold pieces.

Inventory:

Hand Weapons
 a - a +1 dagger
 l - a +1 short sword of electrocution (weapon)
Missiles
 r - 2 throwing nets (quivered)
Armour
 b - a +0 robe (worn)
 k - a +0 leather armour
 s - a +0 pair of gloves (worn)
Jewellery
 o - a +6 ring of strength (left hand)
 u - a ring of ice
Wands
 q - a wand of light (9)
 v - a wand of roots (12)
Scrolls
 g - 2 scrolls of silence
 h - a scroll of enchant weapon
 i - a scroll of vulnerability
 p - 3 scrolls of teleportation
 t - 2 scrolls of magic mapping
Potions
 c - 2 potions of invisibility
 d - a potion of berserk rage
 e - 2 potions of might
 f - 2 potions of mutation
 j - 3 potions of magic
 m - a potion of degeneration {unknown}
 n - 2 potions of lignification {unknown}
 w - 2 potions of heal wounds


   Skills:
 + Level 4.3 Fighting
 + Level 5.3 Short Blades
 + Level 5.2 Dodging
 + Level 7.1 Stealth
 + Level 4.5 Spellcasting
 + Level 5.0 Hexes


You had 7 spell levels left.
You knew the following spells:

 Your Spells              Type           Power      Damage    Failure   Level
a - Confusing Touch       Hex            19%        N/A       6%          3
b - Tukima's Dance        Hex            19%        N/A       6%          3
c - Ensorcelled Hibernat  Hex/Ice        22%        N/A       9%          2
d - Apportation           Tloc           6%         N/A       16%         1

Your spell library contained the following spells:

 Spells                   Type           Power      Damage    Failure   Level
 Necrotise                Necr           12%        1d4       16%         1
 Summon Small Mammal      Summ           12%        N/A       16%         1
 Dazzling Flash           Conj/Hex       22%        N/A       17%         3
 Cigotuvi's Dreadful Rot  Necr/Pois/Air  6%         N/A       24%         2
 Poisonous Vapours        Pois/Air       6%         N/A       24%         2
 Mephitic Cloud           Conj/Pois/Air  3%         N/A       43%         3


Dungeon Overview and Level Annotations

Branches:
Dungeon (6/15)
 Temple: D:4-7

Altars:
Qazlal
Xom

Annotations:
D:6 Menkaure


Innate Abilities, Weirdness & Mutations

You are small and have problems with some larger weapons.
You are completely attuned to the shadows.


Message History

Lightning courses through the shadow imp!
You kill the shadow imp!
Casting: Ensorcelled Hibernation (safe; 9% risk of failure)
Confirm with . or Enter, or press ? or * to list all spells.
Aiming: Ensorcelled Hibernation (safe; 9% risk of failure)
Press: ? - help, Shift-Dir - straight line, f - hound
Aim: a hound (chance to affect: 53%)
The hound looks drowsy...
The helpless hound fails to defend itself.
You impale the hound!!
You kill the hound!
Magic restored.
HP restored.
You see here a +2 flail of protection.
t - 2 scrolls of magic mapping (gained 1)
You see here a scorpion corpse.
Found a stone staircase leading down.
There is a stone staircase leading down here.
Menkaure, Prince of Dust comes into view.
Found a short sword.
You see here a scroll of silence.
Menkaure shouts!
You hear an angry hiss.
You hear a loud, deep croak!
Menkaure hits you!!
You see here 13 gold pieces.
You hit Menkaure. Lightning courses through Menkaure!
Menkaure is heavily damaged.
Menkaure hits you!
* * * LOW HITPOINT WARNING * * *
Casting: Ensorcelled Hibernation (safe; 9% risk of failure)
Confirm with . or Enter, or press ? or * to list all spells.
You can't see any susceptible monsters within range! (Use Z to cast anyway.) Unknown command.
Casting: Ensorcelled Hibernation (safe; 9% risk of failure)
Confirm with . or Enter, or press ? or * to list all spells.
Okay, then.
Casting: Ensorcelled Hibernation (safe; 9% risk of failure)
Confirm with . or Enter, or press ? or * to list all spells.
Your hands begin to glow red.
Menkaure hits you!!
You die...

#... ..^#
##..)
##.M###
##.@...#
##.?###.#
##..##
#..##
##.##
#..# #.##
#.# ###.#


You could see Menkaure.

Vanquished Creatures
  A black bear (D:4)
  An ogre (D:4)
  Blork the orc (D:5)
  5 scorpions
  A howler monkey (D:4)
  2 orc priests (D:4)
  2 hounds
  2 jellies (D:5)
  Jessica (D:2)
  2 iguanas (D:5)
  5 orc wizards
  Robin (D:2)
  6 gnolls
  8 adders
  2 shadow imps
  A white imp (D:5)
  3 worms
  4 dart slugs
  12 orcs
  6 bats
  7 endoplasms
  2 giant cockroaches
  19 goblins
  10 hobgoblins
  2 jackals (D:1)
  5 quokkas
  4 ball pythons
  5 frilled lizards
  10 kobolds
  5 rats
135 creatures vanquished.

Vanquished Creatures (others)
  A dancing weapon (D:5)
1 creature vanquished.

Grand Total: 136 creatures vanquished

Notes
Turn   | Place    | Note
-------+----------+-------------------------------------------
     0 | D:1      | Decritt the Kobold Enchanter began the quest for the Orb.
     0 | D:1      | Reached XP level 1. HP: 10/10 MP: 3/3
   112 | D:1      | Reached XP level 2. HP: 16/16 MP: 5/5
   803 | D:1      | Reached XP level 3. HP: 20/20 MP: 6/6
  1119 | D:2      | Reached skill level 1 in Fighting
  1160 | D:2      | Noticed Robin
  1286 | D:2      | Reached XP level 4. HP: 25/25 MP: 7/7
  1600 | D:2      | Noticed Jessica
  1604 | D:2      | Killed Jessica
  1690 | D:2      | Reached XP level 5. HP: 20/29 MP: 9/9
  1693 | D:2      | Learned a level 2 spell: Ensorcelled Hibernation
  1736 | D:2      | Found a shimmering altar of Xom.
  1861 | D:2      | Killed Robin
  2746 | D:3      | Reached skill level 5 in Stealth
  3246 | D:4      | Reached XP level 6. HP: 36/36 MP: 10/10
  3279 | D:4      | Noticed an ogre
  3283 | D:4      | Killed an ogre
  3326 | D:4      | Noticed a black bear
  3336 | D:5      | Entered Level 5 of the Dungeon
  3647 | D:5      | Learned a level 3 spell: Confusing Touch
  3651 | D:5      | Learned a level 3 spell: Tukima's Dance
  3653 | D:5      | Learned a level 1 spell: Apportation
  3676 | D:5      | Reached XP level 7. HP: 40/40 MP: 12/12
  3924 | D:5      | Noticed Blork the orc
  3930 | D:5      | Killed Blork the orc
  4140 | D:5      | Reached skill level 6 in Stealth
  4362 | D:4      | Reached XP level 8. HP: 29/48 MP: 10/14
  4480 | D:4      | Found a stormy altar of Qazlal.
  5567 | D:5      | Reached skill level 5 in Short Blades
  5597 | D:5      | Reached skill level 5 in Dodging
  5747 | D:6      | Reached skill level 7 in Stealth
  5750 | D:6      | Reached skill level 5 in Hexes
  5873 | D:6      | Noticed Menkaure
  5879 | D:6      | Slain by Menkaure

Illustrated notes

Levels and vault maps discovered:
D:1:      evilmike_arrival_plus, layout_basic
D:2:      minmay_angry_zag, layout_basic, basic_altar, uniq_robin, uniq_jessica
D:3:      layout_basic
D:4:      layout_basic, mainiacjoe_overflow_catwalk, minmay_ruptured
D:5:      layout_basic, uniq_blork_the_orc
D:6:      layout_basic, uniq_grinder, uniq_sigmund, uniq_menkaure

Skill      XL: |  1  2  3  4  5  6  7  8 |
---------------+-------------------------+-----
Short Blades   | 2 3 4 5 |  5.3
Fighting       | 1 2 3 4 |  4.3
Dodging        | 3 4 5 |  5.2
Stealth        | 5 6 7 |  7.1
Spellcasting   | 3 4 |  4.5
Hexes          | 4 5 |  5.0

Action                   |  1- 3 |  4- 6 |  7- 9 || total
-------------------------+-------+-------+-------++-------
Melee: Dagger            |    77 |       |       ||    77
       Punch             |     2 |       |     1 ||     3
       Short sword       |    22 |   109 |   113 ||   244
 Cast: Ensorcelled Hiber |       |     2 |    31 ||    33
       Confusing Touch   |       |       |     2 ||     2
       Tukima's Dance    |       |       |     1 ||     1
       Apportation       |       |       |     1 ||     1
  Use: Scroll            |       |    12 |       ||    12
       Potion            |       |       |     1 ||     1
 Stab: Sleeping          |    16 |    22 |    27 ||    65
       Distracted        |       |     1 |       ||     1
Armor: Robe              |    16 |    15 |    15 ||    46
Dodge: Dodged            |    90 |    70 |    71 ||   231

Table legend: (Time is in decaauts)
 A = Elapsed time spent in this place.
 B = Non-inter-level travel time spent in this place.
 C = Inter-level travel time spent in this place.
 D = Time resting spent in this place.
 E = Time spent auto-exploring this place.
 F = Levels seen in this place.
 G = Mean time per level.
                   A        B        C        D        E       F      G
               +--------+--------+--------+--------+--------+-----+--------+
         Total |   5828 |   5682 |    146 |    569 |   3989 |   6 |  971.3 |
       Dungeon |   5828 |   5682 |    146 |    569 |   3989 |   6 |  971.3 |
               +--------+--------+--------+--------+--------+-----+--------+

Top non-repeatable levels by time:
     D:5: 1537 daAuts
     D:2: 1376 daAuts
     D:1: 1043 daAuts
     D:4: 977 daAuts
     D:3: 756 daAuts
     D:6: 136 daAuts
